 Dungeon Sprint DCSS version 0.29-a0-582-ge82337ba6a (webtiles) character file.

Game seed: 5177902850312476806

980 mhtbhm the Summoner (level 8, -1/57 HPs)
             Began as a Hill Orc Summoner on June 14, 2022.
             Was an Initiate of Sif Muna.
             Succumbed to Sonja's curare-tipped dart
             ... in the Dungeon (Sprint I: "Red Sonja").
             The game lasted 00:03:55 (1001 turns).

mhtbhm the Summoner (Hill Orc Summoner)             Turns: 1001, Time: 00:03:55

Health: -1/57      AC:  2    Str: 11    XL:     8   Next: 17%
Magic:  6/19       EV: 12    Int: 17    God:    Sif Muna [......]
Gold:   312        SH:  0    Dex: 11    Spells: 9/22 levels left

rFire   . . .      SeeInvis .     - Unarmed
rCold   . . .      Faith    .   (no shield)
rNeg    . . .      Spirit   .   a - +0 robe
rPois   .          Reflect  .   (no helmet)
rElec   .          Harm     .   (no cloak)
rCorr   .          Rampage  .   (no gloves)
Will    .....      NoTele   +   (no boots)
Stlth   ++........              (no amulet)
HPRegen 0.19/turn               (no ring)
MPRegen 0.16/turn               (no ring)

@: lethally poisoned (-1 -> -3), slowed, very slow
A: no striking features
a: Renounce Religion


You were in the Dungeon.
You worshipped Sif Muna.
Sif Muna was noncommittal.
You visited 1 branch You collected 312 gold pieces.

Inventory:

Armour
 a - a +0 robe (worn)
Wands
 e - a wand of flame (22)
Scrolls
 f - a scroll of poison {unknown}
Potions
 b - 2 potions of magic
 d - a potion of heal wounds


   Skills:
 + Level 3.3 Dodging
 + Level 3.6 Stealth
 + Level 3.0 Unarmed Combat
 + Level 7.9 Spellcasting
 + Level 2.6 Hexes
 + Level 13.1 Summonings
 + Level 1.0 Air Magic


You had 9 spell levels left.
You knew the following spells:

 Your Spells              Type           Power      Damage    Failure   Level
a - Summon Small Mammal   Summ           100%       N/A       1%          1
b - Call Imp              Summ           51%        N/A       1%          2
c - Call Canine Familiar  Summ           51%        N/A       1%          3
d - Summon Guardian Gole  Hex/Summ       33%        N/A       1%          3
e - Summon Lightning Spi  Summ/Air       30%        N/A       5%          4

Your spell library contained the following spells:

 Spells                   Type           Power      Damage    Failure   Level


Dungeon Overview and Level Annotations

Branches:
Dungeon (1/1)

Altars:
Cheibriados
Dithmenos
Elyvilon
Fedhas
Gozag
Hepliaklqana
Kikubaaqudgha
Nemelex Xobeh
Okawaru
Qazlal
Ru
Sif Muna
Trog
Uskayaw
Vehumet
Wu Jian
Yredelemnul
Zin
The Shining One

Shops:
D (


Message History

You have difficulty breathing.
* * * LOW HITPOINT WARNING * * *
You feel as though you will be slow longer.
* * * LOW HITPOINT WARNING * * *
You feel very sick.
Your quokka closely misses Sonja.
Sonja mumbles some strange words.
Sonja blinks!
Unknown command.
Press < or > to pray at altars.
Unknown command.
Press < or > to pray at altars.
Okay, then.
* * * LOW HITPOINT WARNING * * *
You feel very sick. Something hits your guardian golem.
Your guardian golem disappears in a puff of smoke!
Your guardian golem explodes!
The fiery explosion engulfs your quokka!!!
Your quokka dies!
Your quokka's corpse disappears in a puff of smoke!
Sif Muna accepts your kill.
You feel a bit more experienced.
Your Spellcasting skill increases to level 7!
Your Hexes skill increases to level 2!
Your Summonings skill gained 2 levels and is now at level 13!
Your Air Magic skill increases to level 1!
You have reached level 8!
There is an open door here.
There is a lethal amount of poison in your body!
There is a lethal amount of poison in your body!
* * * LOW HITPOINT WARNING * * *
You feel sick.
Unknown command.
* * * LOW HITPOINT WARNING * * *
You feel sick.
* * * LOW HITPOINT WARNING * * *
You feel sick.
You see here 27 gold pieces.
You die...

#..####..#...#.#
#..#__####..##.#
#..#____§##'#_.+
#⌠⌠#_.∩..§†..._#
####_..__##_.#'#
#_____###'#[#
#########5###
+$.$+ #$.@#
##.## #+#


You could see a friendly white imp (summoned).

Vanquished Creatures
  Ijyb (D)
1 creature vanquished.

Vanquished Creatures (collateral kills)
  Sigmund (D)
  A yak (D)
  An ogre (D)
3 creatures vanquished.

Vanquished Creatures (others)
  Sonja (D)
  A jelly (D)
2 creatures vanquished.

Grand Total: 6 creatures vanquished

Notes
Turn   | Place    | Note
-------+----------+-------------------------------------------
     0 | D        | mhtbhm the Hill Orc Summoner began the quest for the Orb.
     0 | D        | Reached XP level 1. HP: 14/14 MP: 3/3
     2 | D        | Noticed Ijyb
    18 | D        | Killed Ijyb
    19 | D        | Reached skill level 6 in Summonings
    19 | D        | Reached XP level 2. HP: 15/20 MP: 1/5
    19 | D        | Reached XP level 3. HP: 20/26 MP: 1/6
   178 | D        | Learned a level 2 spell: Call Imp
   182 | D        | Learned a level 3 spell: Call Canine Familiar
   185 | D        | Noticed an ogre
   197 | D        | Killed an ogre
   198 | D        | Reached skill level 1 in Unarmed Combat
   198 | D        | Reached skill level 8 in Summonings
   198 | D        | Reached XP level 4. HP: 33/33 MP: 2/9
   397 | D        | Learned a level 3 spell: Summon Guardian Golem
   401 | D        | Noticed Sigmund
   417 | D        | Killed Sigmund
   418 | D        | Reached skill level 10 in Summonings
   418 | D        | Reached XP level 5. HP: 38/38 MP: 4/12
   418 | D        | Reached XP level 6. HP: 45/45 MP: 4/13
   670 | D        | Learned a level 4 spell: Summon Lightning Spire
   670 | D        | Found an ornate altar of the Wu Jian Council.
   670 | D        | Found a shimmering blue altar of Sif Muna.
   672 | D        | Found a radiant altar of Vehumet.
   689 | D        | Reached skill level 5 in Spellcasting
   849 | D        | Became a worshipper of Sif Muna the Loreminder
   873 | D        | Found Hiafeq's Antique Weapon Emporium.
   873 | D        | Found an ancient bone altar of Kikubaaqudgha.
   873 | D        | Found a hazy altar of Hepliaklqana.
   873 | D        | Found a stormy altar of Qazlal.
   873 | D        | Found a hide-covered altar of Uskayaw.
   873 | D        | Found a blossoming altar of Fedhas.
   873 | D        | Found a bloodstained altar of Trog.
   873 | D        | Found an iron altar of Okawaru.
   873 | D        | Found a basalt altar of Yredelemnul.
   873 | D        | Found a glowing golden altar of the Shining One.
   873 | D        | Found a snail-covered altar of Cheibriados.
   873 | D        | Found a sacrificial altar of Ru.
   873 | D        | Found a glowing silver altar of Zin.
   873 | D        | Found a shadowy altar of Dithmenos.
   873 | D        | Found a white marble altar of Elyvilon.
   873 | D        | Noticed a yak
   878 | D        | Killed a yak
   879 | D        | Reached skill level 1 in Hexes
   879 | D        | Reached skill level 11 in Summonings
   879 | D        | Reached XP level 7. HP: 50/50 MP: 2/16
   880 | D        | Found an opulent altar of Gozag.
   881 | D        | Found a sparkling altar of Nemelex Xobeh.
   980 | D        | Noticed Sonja
   997 | D        | Killed Sonja
   998 | D        | Reached skill level 13 in Summonings
   998 | D        | Reached skill level 1 in Air Magic
   998 | D        | Reached XP level 8. HP: 5/57 MP: 5/19
   999 | D        | HP: 1/57 [poisoned by Sonja (curare-tipped dart)]
  1001 | D        | Succumbed to Sonja's curare-tipped dart

Illustrated notes

Levels and vault maps discovered:
D:        dungeon_sprint_1 [red_sonja_temple_1, red_sonja_temple_small_1]

Skill      XL: |  1  2  3  4  5  6  7 |
---------------+----------------------+-----
Dodging        | 2 3 |  3.3
Stealth        | 2 3 |  3.6
Spellcasting   | 2 3 4 6 7 |  7.9
Summonings     | 6 8 10 11 13 | 13.1
Unarmed Combat | 1 2 3 |  3.0
Hexes          | 1 2 |  2.6
Air Magic      | 1 |  1.0

Action                   |  1- 3 |  4- 6 |  7- 9 || total
-------------------------+-------+-------+-------++-------
Melee: Unarmed           |     8 |       |       ||     8
 Cast: Summon Small Mamm |     6 |     4 |     3 ||    13
       Call Canine Famil |     2 |     2 |     1 ||     5
       Call Imp          |     1 |     3 |     1 ||     5
       Summon Guardian G |       |     3 |     1 ||     4
       Summon Lightning  |       |     1 |     1 ||     2
  Use: Potion            |     3 |       |     1 ||     4
       Scroll            |       |       |     1 ||     1
Dodge: Dodged            |     2 |       |    10 ||    12

Table legend: (Time is in decaauts)
 A = Elapsed time spent in this place.
 B = Non-inter-level travel time spent in this place.
 C = Inter-level travel time spent in this place.
 D = Time resting spent in this place.
 E = Time spent auto-exploring this place.
 F = Levels seen in this place.
 G = Mean time per level.
                   A        B        C        D        E       F      G
               +--------+--------+--------+--------+--------+-----+--------+
         Total |   1003 |   1003 |      0 |    786 |      0 |   1 | 1003.0 |
       Dungeon |   1003 |   1003 |      0 |    786 |      0 |   1 | 1003.0 |
               +--------+--------+--------+--------+--------+-----+--------+

Top non-repeatable levels by time:
       D: 1003 daAuts
